 Dungeon Crawl Stone Soup version 0.30-a0-1082-g70414cbcbb (webtiles) character file.

Game seed: 14899196317178776651

812 horus123 the Slasher (level 7, 0/50 HPs)
             Began as an Octopode Ice Elementalist on Apr 16, 2023.
             Was an Initiate of Vehumet.
             Slain by an ice beast (2 damage)
             ... on level 6 of the Dungeon.
             The game lasted 00:09:31 (5016 turns).

horus123 the Slasher (Octopode Ice Elementalist)    Turns: 5016, Time: 00:09:32

Health: 0/50       AC:  1    Str:  8    XL:     7   Next: 93%
Magic:  13/13      EV: 13    Int: 19    God:    Vehumet [......]
Gold:   104        SH:  5    Dex: 15    Spells: 7/14 levels left

rFire   . . .      SeeInvis .    n - +8 long sword of the Living Dead {elec, *Slow Fly Dex+3}
rCold   . . .      Faith    .    (no shield)
rNeg    . . .      Spirit   .    (helmet restricted)
rPois   .          Reflect  +    m - amulet of reflection
rElec   .          Rampage  .    (no ring)
rCorr   .                        (no ring)
Will    .....                    (no ring)
Stlth   +++                      (no ring)
HPRegen 0.28/turn                (no ring)
MPRegen 0.13/turn                (no ring)
                                 (no ring)
                                 (no ring)

@: flying
A: almost no armour, amphibious, 8 rings, camouflage 1, gelatinous body 1,
(nimble swimmer 1), tentacles
a: Renounce Religion


You were on level 6 of the Dungeon.
You worshipped Vehumet.
Vehumet was noncommittal.
You visited 2 branches of the dungeon, and saw 7 of its levels.

You collected 274 gold pieces.
You spent 170 gold pieces at shops.

Inventory:

Hand Weapons
 e - a +0 dagger
 n - the +8 long sword of the Living Dead (weapon) {elec, *Slow Fly Dex+3}
   (You bought it in a shop on level 3 of the Dungeon)

   Dex:       It affects your dexterity (+3).
   Fly:       It grants you flight.
   *Slow:     It may slow you when you take damage.
Missiles
 o - a throwing net
Armour
 a - a scarf of shadows
Jewellery
 m - an amulet of reflection (around mantle)
Wands
 j - a wand of iceblast (7)
Scrolls
 d - 3 scrolls of immolation
 h - a scroll of vulnerability
 k - 2 scrolls of enchant weapon {unknown}
 l - 4 scrolls of teleportation
 r - a scroll of poison {unknown}
 s - a scroll of enchant armour {unknown}
 u - 3 scrolls of identify
Potions
 b - 3 potions of lignification
 c - 2 potions of degeneration {unknown}
 f - 2 potions of heal wounds {unknown}
 g - a potion of ambrosia {unknown}
 i - 2 potions of flight
 p - 2 potions of mutation {unknown}
 q - a potion of brilliance {unknown}
 t - a potion of haste {unknown}
 v - a potion of curing {unknown}


   Skills:
 - Level 5.0 Fighting
 - Level 5.1 Long Blades
 - Level 2.0 Dodging
 - Level 2.6 Stealth
 - Level 4.2 Spellcasting
 + Level 4.0 Ice Magic


You had 7 spell levels left.
You knew the following spells:

 Your Spells              Type           Power      Damage    Failure   Level
a - Freeze                Ice            76%        1d8       2%          1
b - Frozen Ramparts       Ice            38%        1d6       8%          3
c - Ozocubu's Armour      Ice            19%        N/A       8%          3

Your spell library contained the following spells:

 Spells                   Type           Power      Damage    Failure   Level
 Ensorcelled Hibernation  Hex/Ice        22%        N/A       9%          2
 Shock                    Conj/Air       16%        1d4       14%         1
 Passwall                 Tmut/Erth      3%         N/A       21%         2
 Swiftness                Air            4%         N/A       38%         3
 Tukima's Dance           Hex            4%         N/A       38%         3
 Summon Ice Beast         Ice/Summ       11%        N/A       52%         4
 Airstrike                Air            2%         2d(1-17)  80%         4
 Passage of Golubria      Tloc           4%         N/A       80%         4
 Yara's Violent Unravell  Hex/Tmut       2%         3d3       98%         5


Dungeon Overview and Level Annotations

Branches:
Dungeon (6/15)             Temple (1/1) D:5

Altars:
Ashenzari
Cheibriados
Dithmenos
Elyvilon
Fedhas
Gozag
Hepliaklqana
Kikubaaqudgha
Makhleb
Nemelex Xobeh
Okawaru
Qazlal
Ru
Sif Muna
Trog
Uskayaw
Vehumet
Wu Jian
Xom
Yredelemnul
Zin
The Shining One

Shops:
D:3 (((**


Innate Abilities, Weirdness & Mutations

You cannot wear most types of armour.
You are amphibious.
You can wear up to eight rings at the same time.
Your skin changes colour to match your surroundings (Stealth+).
Your rubbery body absorbs attacks. (AC +1, EV +1)
((You are camouflaged when in or above water. (Stealth+)))
You have tentacles for arms and can constrict up to eight enemies at once.


Message History

No target in view!
No target in view!
No target in view!
Found a trident.
No target in view!
No target in view!
No target in view!
No target in view!
No target in view!
An ice beast comes into view.
Found 5 stones.
There are monsters nearby!
Found 7 stones.
You see here a +0 robe.
The ice beast hits you. The ice beast freezes you!
The adder hisses angrily.
You slash the ice beast!
Your tentacle-slap misses the ice beast.
The ice beast is heavily wounded.
You block the ice beast's attack.
You hit the ice beast.
The ice beast is heavily wounded.
The adder bites you but does no damage. The adder closely misses you.
The ice beast hits you. The ice beast freezes you!
You hit the ice beast. Your squeeze misses the ice beast.
The ice beast is severely wounded.
The adder completely misses you. The ice beast hits you.
The ice beast freezes you!
* * * LOW HITPOINT WARNING * * *
You block the adder's attack.
You hit the ice beast. Your squeeze misses the ice beast.
The ice beast is severely wounded.
The ice beast hits you.
* * * LOW HITPOINT WARNING * * *
The ice beast freezes you!
* * * LOW HITPOINT WARNING * * *
You block the adder's attack.
Okay, then.
The ice beast attacks as you move away! The ice beast hits you.
You die...

####### #..(..#
#.(...# #.....+
#.....# #SY.).#
#.@...# #.....#
#....[##
#......#
#.....##
#.....##### ##
#.....##..###.##
#.....+........#
#.....#..<.....#


You could see an ice beast and an adder.

Vanquished Creatures
  Edmund (D:4)
  A water moccasin (D:4)
  2 ogres (D:5)
  A scorpion (D:5)
  An orc priest (D:3)
  2 hounds
  2 orc wizards (D:4)
  2 iguanas (D:5)
  3 gnolls (D:4)
  3 adders
  A shadow imp (D:5)
  A white imp (D:5)
  An ufetubus (D:5)
  4 worms
  A dart slug (D:5)
  10 orcs
  9 ball pythons
  4 bats
  5 endoplasms
  5 giant cockroaches
  5 goblins
  2 hobgoblins (D:1)
  4 jackals (D:5)
  5 kobolds
  4 quokkas
  2 frilled lizards (D:1)
  4 rats
85 creatures vanquished.

Vanquished Creatures (others)
  A fungus (D:3)
  A plant (D:3)
2 creatures vanquished.

Grand Total: 87 creatures vanquished

Notes
Turn   | Place    | Note
-------+----------+-------------------------------------------
     0 | D:1      | horus123 the Octopode Ice Elementalist began the quest for
                  | the Orb.
     0 | D:1      | Reached XP level 1. HP: 11/11 MP: 3/3
   123 | D:1      | Reached XP level 2. HP: 17/17 MP: 1/5
   707 | D:1      | Reached XP level 3. HP: 21/21 MP: 7/7
   711 | D:1      | Learned a level 3 spell: Frozen Ramparts
   715 | D:1      | Learned a level 3 spell: Ozocubu's Armour
  1586 | D:3      | Found Irih's General Store.
  1694 | D:3      | Found Juzeah's Weapon Boutique.
  1740 | D:3      | Reached XP level 4. HP: 10/27 MP: 2/10
  1822 | D:3      | Found Patz's Antique Weapon Shop.
  2050 | D:3      | Found Neshrerha's Antique Weapon Boutique.
  2070 | D:3      | Found a faded altar of an unknown god.
  2272 | D:3      | Found Naupn's Assorted Antiques.
  2484 | D:3      | Bought a dazzling long sword for 170 gold pieces
  2484 | D:3      | Identified the +8 long sword of the Living Dead {elec,
                  | *Slow Fly Dex+3} (You bought it in a shop on level 3 of the
                  | Dungeon)
  2737 | D:4      | Reached skill level 1 in Fighting
  2818 | D:4      | Reached XP level 5. HP: 34/34 MP: 11/11
  2911 | D:4      | Noticed Edmund
  2921 | D:4      | Killed Edmund
  2922 | D:4      | Reached XP level 6. HP: 15/43 MP: 2/12
  3289 | D:4      | You are sucked into a shaft and drop 1 floor!
  3289 | D:5      | Entered Level 5 of the Dungeon
  3384 | D:4      | Noticed a water moccasin
  3393 | D:4      | Killed a water moccasin
  3394 | D:4      | Reached skill level 5 in Fighting
  3394 | D:4      | Reached XP level 7. HP: 43/50 MP: 13/13
  4091 | D:5      | Found a shimmering altar of Xom.
  4093 | D:5      | Found a shimmering altar of Xom.
  4094 | D:5      | Found a shimmering altar of Xom.
  4096 | D:5      | Found a shimmering altar of Xom.
  4097 | D:5      | Found a shimmering altar of Xom.
  4098 | D:5      | Found a shimmering altar of Xom.
  4386 | D:5      | Found a bloodstained altar of Trog.
  4674 | D:5      | Found a staircase to the Ecumenical Temple.
  4708 | Temple   | Entered the Ecumenical Temple
  4847 | Temple   | Became a worshipper of Vehumet
  4886 | D:5      | Reached skill level 5 in Long Blades
  5015 | D:6      | HP: 2/50 [ice beast (11)]
  5016 | D:6      | Slain by an ice beast

Illustrated notes

Levels and vault maps discovered:
D:1:      dpeg_arrival_leaves_temple_mockup, layout_basic
D:2:      layout_loops_ring
D:3:      layout_loops_cross, dreamdust_ecumenical_altar_hidden_monk_grotto,
          serial_shops, nicolae_shop_tiny_statue_garden, nicolae_square_shop,
          shop, nicolae_shop_behind_doors, shop, uniq_crazy_yiuf_cottage
D:4:      layout_basic, uniq_edmund
D:5:      layout_basic, xom_redecorated, lightli_temple_of_fire, temple_doors_ab
D:6:      layout_gridville, chequers_serial_rivers_room_b
Temple:   nicolae_temple_bog_church

Skill      XL: |  1  2  3  4  5  6  7 |
---------------+----------------------+-----
Spellcasting   | 3 4 |  4.2
Fighting       | 1 3 5 |  5.0
Long Blades    | 2 5 |  5.1
Dodging        | |  2.0
Stealth        | |  2.6
Ice Magic      | |  4.0

Action                     |  1- 3 |  4- 6 |  7- 9 || total
---------------------------+-------+-------+-------++-------
  Melee: Dagger            |    23 |    14 |       ||    37
         Constrict         |     8 |    13 |     5 ||    26
         Unarmed           |     3 |       |       ||     3
         Tentacles         |     8 |    12 |     2 ||    22
         Punch             |     1 |       |     1 ||     2
         Long sword        |       |    31 |    36 ||    67
   Cast: Freeze            |    32 |    10 |     5 ||    47
         Frozen Ramparts   |     2 |     2 |     1 ||     5
    Use: Scroll            |     5 |     1 |       ||     6
         Potion            |     1 |       |       ||     1
   Stab: Sleeping          |     8 |     5 |     6 ||    19
         Distracted        |       |     1 |       ||     1
 Armour: Skin              |     1 |     2 |     1 ||     4
  Dodge: Dodged            |    28 |    37 |    19 ||    84
  Block: Other             |     1 |     9 |     8 ||    18

Table legend: (Time is in decaauts)
 A = Elapsed time spent in this place.
 B = Non-inter-level travel time spent in this place.
 C = Inter-level travel time spent in this place.
 D = Time resting spent in this place.
 E = Time spent auto-exploring this place.
 F = Levels seen in this place.
 G = Mean time per level.
                   A        B        C        D        E       F      G
               +--------+--------+--------+--------+--------+-----+--------+
         Total |   5036 |   4920 |    116 |    867 |   3139 |   7 |  719.4 |
       Dungeon |   4880 |   4780 |    100 |    867 |   3053 |   6 |  813.3 |
        Temple |    155 |    139 |     16 |      0 |     86 |   1 |  155.0 |
               +--------+--------+--------+--------+--------+-----+--------+

Top non-repeatable levels by time:
     D:5: 1226 daAuts
     D:3: 1112 daAuts
     D:4: 915 daAuts
     D:1: 864 daAuts
     D:2: 720 daAuts
  Temple: 155 daAuts
     D:6: 40 daAuts
